 Dungeon Crawl Stone Soup version 0.29-a0-973-gac7da5f7f0 (webtiles) character file.

Game seed: 10888168839527384052

30 DolGuldur the Shield-Bearer (level 3, -2/36 HPs)
             Began as a Troll Fighter on July 31, 2022.
             Slain by Natasha (7 damage)
             ... on level 2 of the Dungeon.
             The game lasted 00:03:28 (645 turns).

DolGuldur the Shield-Bearer (Troll Fighter)          Turns: 645, Time: 00:03:30

Health: -2/36      AC:  4    Str: 24    XL:     3   Next: 5%
Magic:  2/2        EV:  9    Int:  4    God:
Gold:   11         SH:  9    Dex: 17    Spells: 2/2 levels left

rFire   . . .      SeeInvis .   a - +0 flail
rCold   . . .      Faith    .   c - +0 kite shield
rNeg    . . .      Spirit   .   b - +0 robe
rPois   .          Reflect  .   (helmet restricted)
rElec   .          Harm     .   (no cloak)
rCorr   .          Rampage  .   (gloves unavailable)
Will    .....                   (boots unavailable)
Stlth   ++........              (no amulet)
HPRegen 0.92/turn               f - +6 ring of dexterity
MPRegen 0.08/turn               (no ring)

@: no status effects
A: large, unfitting armour, claws 3, regeneration 1, shaggy fur 1, tough skin 1
a: no special abilities


You were on level 2 of the Dungeon.
You visited 1 branch of the dungeon, and saw 2 of its levels.

You collected 11 gold pieces.

Inventory:

Hand Weapons
 a - a +0 flail (weapon)
Armour
 b - a +0 robe (worn)
 c - a +0 kite shield (worn)
Jewellery
 f - a +6 ring of dexterity (left claw)
 i - an amulet of magic regeneration
Scrolls
 g - a scroll of teleportation {unknown}
 h - a scroll of identify {unknown}
Potions
 d - a potion of might
 e - 2 potions of lignification {unknown}
 j - a potion of ambrosia {unknown}


   Skills:
 + Level 2.7 Fighting
 + Level 2.3 Maces & Flails
 + Level 2.5 Dodging
 + Level 3.0 Shields


You had 2 spell levels left.
You didn't know any spells.
Your spell library was empty.

Dungeon Overview and Level Annotations

Branches:
Dungeon (2/15)

Altars:

Annotations:
D:2 Natasha, Robin


Innate Abilities, Weirdness & Mutations

You are too large for most types of armour.
You have claws for hands.
Your natural rate of healing is unusually fast.
You are covered in fur. (AC +1)
You have tough skin. (AC +1)


Message History

You kill the goblin!
A goblin comes into view. It is wielding a +0 club.
Natasha hisses.
Natasha casts a spell.
A goblin comes into view. It is wielding a +0 club.
Things that are here:
a +0 dagger; 9 gold pieces A hobgoblin opens the door.
Robin of the Strong Arm comes into view.
They are wielding a +0 dagger.
A goblin comes into view. It is wielding a +0 club.
Robin shouts!
The hobgoblin shouts!
The goblin shouts!
A goblin comes into view. It is wielding a +0 club. x2
You block the hobgoblin's attack.
Robin roars a battlecry!
The goblins go into a battle-frenzy!
The goblin shouts! x2
You hit the goblin.
You kill the goblin!
The hobgoblin hits you but does no damage.
Robin throws the goblin at you!
A goblin comes into view. It is wielding a +0 dagger.
The shadow imp grins evilly.
The hobgoblin barely misses you. The goblin misses you.
The hobgoblin closely misses you.
The goblin moves out of view.
You closely miss the hobgoblin. You block the goblin's attack.
The hobgoblin hits you. The hobgoblin closely misses you.
You block the goblin's attack. Natasha claws you.
You miss Natasha. You block the goblin's attack. The hobgoblin hits you.
The hobgoblin hits you but does no damage.
The goblin barely misses you. You block Natasha's attack.
You block the hobgoblin's attack. The goblin barely misses you.
The hobgoblin hits you. The goblin barely misses you. Natasha claws you.
The goblin hits you with a +0 club.
You thump Natasha!
Natasha is heavily wounded.
The goblin hits you with a +0 club. You block the hobgoblin's attack.
You block the goblin's attack. The goblin hits you with a +0 club.
* * * LOW HITPOINT WARNING * * *
Natasha claws you!
You die...

### ## ≈≈≈### .# #
####≈≈≈≈###.# ..
##..###≈≈≈≈#.##g. . #
#.....##≈..........
######...........g##....
.......).......gggg.g...
..............5g@g#
...............h..#
[.................#
.♣.♣...####.......#
♣.♣.♣..# #.......#
.♣_♣...# #.......#
♣.♣.♣..# #########
.♣.♣..## ..#


You could see Robin, Natasha, a shadow imp (summoned), 2 hobgoblins and 5
goblins.

Vanquished Creatures
  A worm (D:2)
  A dart slug (D:1)
  A bat (D:2)
  An endoplasm (D:1)
  A giant cockroach (D:1)
  5 goblins
  3 hobgoblins
  3 jackals (D:2)
  A kobold (D:2)
  2 quokkas (D:1)
  A ball python (D:1)
  A frilled lizard (D:1)
21 creatures vanquished.

Vanquished Creatures (others)
  A rat (D:1)
1 creature vanquished.

Grand Total: 22 creatures vanquished

Notes
Turn   | Place    | Note
-------+----------+-------------------------------------------
     0 | D:1      | DolGuldur the Troll Fighter began the quest for the Orb.
     0 | D:1      | Reached XP level 1. HP: 22/22 MP: 0/0
   194 | D:1      | Reached XP level 2. HP: 29/29 MP: 1/1
   537 | D:2      | Reached skill level 3 in Shields
   611 | D:2      | Found a faded altar of an unknown god.
   631 | D:2      | Reached XP level 3. HP: 36/36 MP: 2/2
   631 | D:2      | Noticed Natasha
   640 | D:2      | Noticed Robin
   645 | D:2      | Slain by Natasha

Illustrated notes

Levels and vault maps discovered:
D:1:      lightli_arrival_farm, layout_basic
D:2:      layout_basic, serial_rivers, chequers_serial_rivers_micro_c,
          chequers_serial_rivers_large_b, chequers_serial_rivers_micro_e,
          chequers_serial_rivers_micro_b,
          chequers_ecumenical_altar_simple_redux, grunt_ministairs_14,
          minmay_curled_crystal, chequers_avenue, minmay_gold_behind_fungi,
          minmay_misc_feat_ornament, uniq_natasha, uniq_terence, uniq_robin

Skill      XL: |  1  2 |
---------------+-------+-----
Maces & Flails | 2 |  2.3
Shields        | 3 |  3.0
Fighting       | |  2.7
Dodging        | |  2.5

Action                   || total
-------------------------++-------
Melee: Flail             ||    52
 Stab: Sleeping          ||     2
Armor: Robe              ||    16
Dodge: Dodged            ||    18
Block: Kite shield       ||    26

Table legend: (Time is in decaauts)
 A = Elapsed time spent in this place.
 B = Non-inter-level travel time spent in this place.
 C = Inter-level travel time spent in this place.
 D = Time resting spent in this place.
 E = Time spent auto-exploring this place.
 F = Levels seen in this place.
 G = Mean time per level.
                   A        B        C        D        E       F      G
               +--------+--------+--------+--------+--------+-----+--------+
         Total |    668 |    158 |    510 |      0 |      0 |   2 |  334.0 |
       Dungeon |    668 |    158 |    510 |      0 |      0 |   2 |  334.0 |
               +--------+--------+--------+--------+--------+-----+--------+

Top non-repeatable levels by time:
     D:1: 514 daAuts
     D:2: 153 daAuts
